 Dungeon Crawl Stone Soup version 0.19.1-1-g22dce08 (webtiles) character file.

1159 Alarkh the Brawler (level 8, -3/63 HPs)
             Began as a Ghoul Monk on Jan 14, 2017.
             Killed from afar by a manticore (9 damage)
             ... with a volley of spikes
             ... on level 6 of the Dungeon.
             The game lasted 00:04:51 (2743 turns).

Alarkh the Brawler (Ghoul Monk)                     Turns: 2743, Time: 00:04:51

Health: -3/63      AC:  3    Str: 15    XL:     8   Next: 39%
Magic:  7/7        EV: 18    Int:  7    God:
Gold:   160        SH:  0    Dex: 16    Spells: 0 memorised, 7 levels left

rFire  + . .     SeeInvis .       - Unarmed
rCold  + . .     Gourm    .     a - +0 robe
rNeg   + + +     Faith    .     (no shield)
rPois  ∞         Spirit   .     k - +1 hat
rElec  .         Reflect  .     (no cloak)
rCorr  .         Harm     .     (no gloves)
MR     .....                    (no boots)
Stlth  ++........               (no amulet)
                                (no ring)
                                d - ring of protection from fire

@: confused, agile, barbed spikes, rotting
A: rotting body, claws 1, carnivore 3, cold resistance 1, negative energy
resistance 3, slow regeneration 1, torment resistance, unbreathing
a: no special abilities


You were on level 6 of the Dungeon.
You were not hungry.

You visited 1 branch of the dungeon, and saw 5 of its levels.
You also visited: Sewer.

You collected 160 gold pieces.

Inventory:

Armour
 a - a +0 robe (worn)
 k - a +1 hat (worn)
Jewellery
 d - a ring of protection from fire (left claw)
Scrolls
 c - a scroll of teleportation
 e - a scroll of identify
 f - a scroll of recharging {unknown}
 g - a scroll of enchant weapon
 l - 2 scrolls of blinking
 p - a scroll of fog {unknown}
 q - a scroll of magic mapping {unknown}
 t - a scroll of random uselessness {unknown}
Potions
 h - a potion of ambrosia
 m - a potion of experience
 r - a potion of flight {unknown}
Comestibles
 b - 3 meat rations
 i - 2 beef jerkies
 n - a slice of pizza
 s - a royal jelly


   Skills:
 - Level 3.2 Fighting
 - Level 2.6 Dodging
 - Level 2.1 Stealth
 + Level 15.4 Unarmed Combat


You had 7 spell levels left.
You didn't know any spells.

Dungeon Overview and Level Annotations

Branches:
Dungeon (4/15)
 Temple: D:4-7

Altars:
Fedhas
Ru
Uskayaw
Xom
Zin


Innate Abilities, Weirdness & Mutations

Your body is rotting away.
You thrive on raw meat.
You are immune to poison.
You have sharp fingernails.
You are carnivorous and can eat meat at any time.
Your flesh is cold resistant. (rC+)
You are immune to negative energy. (rN+++)
You regenerate slowly when monsters are visible.
You are immune to unholy pain and torment.
You can survive without breathing.


Message History

You feel invigorated.
You claw the manticore!
The manticore is lightly wounded.
The manticore completely misses you. The manticore barely misses you.
The manticore claws you!
* * * LOW HITPOINT WARNING * * *
The barbed spikes dig painfully into your body as you move.
* * * LOW HITPOINT WARNING * * *
The manticore flicks its tail.
The volley of spikes hits you!
The barbed spikes become lodged in your body.
* * * LOW HITPOINT WARNING * * *
It was a potion of experience.
You feel more experienced!
Your Unarmed Combat skill gained 6 levels and is now at level 15!
You have reached level 8!
The manticore flicks its tail.
The volley of spikes hits you!
The barbed spikes become lodged in your body.
You die...

..# #... # ..# ## .....#
..##... ...#.# ##...#.#
#..... ........ #..#.##
#....# #.....# ....##.##
#.##..# ......... #H##..#
#.###### ##.#.@..## #.###
H.###....# #.>.#
#.#.#.....# ###.# #.
#.####.# .# #.# #
#.####.###...#
#.#######.##......(.....#
#.................####..#
###########.####..# #.#
#..#


You could see a manticore.

Vanquished Creatures
  A phantom (D:6)
  A black bear (D:6)
  2 bullfrogs (Sewer)
  A crimson imp (D:6)
  10 adders
  9 oozes
  An adder skeleton (D:4)
  A worm (D:2)
  18 leopard geckos
  9 ball pythons
  10 giant cockroaches
  2 hobgoblins
  6 jackals
  A quokka (D:2)
  7 bats
  7 frilled lizards
  5 goblins
  6 kobolds
  4 rats
101 creatures vanquished.

Notes
Turn   | Place    | Note
-------+----------+-------------------------------------------
     0 | D:1      | Alarkh the Ghoul Monk began the quest for the Orb.
     0 | D:1      | Reached XP level 1. HP: 19/19 MP: 0/0
   384 | D:1      | Reached XP level 2. HP: 23/26 MP: 1/1
   574 | D:2      | Reached skill level 4 in Unarmed Combat
   646 | D:2      | Reached XP level 3. HP: 22/31 MP: 2/2
   881 | D:2      | Found a sacrificial altar of Ru.
   883 | D:2      | Found a glowing silver altar of Zin.
   886 | D:2      | Found a hide-covered altar of Uskayaw.
   919 | D:2      | Reached skill level 5 in Unarmed Combat
  1425 | D:2      | Reached XP level 4. HP: 20/38 MP: 3/3
  1637 | D:3      | Found a shimmering altar of Xom.
  1639 | D:3      | Found a shimmering altar of Xom.
  1641 | D:3      | Found a shimmering altar of Xom.
  1642 | D:3      | Found a shimmering altar of Xom.
  1652 | D:3      | Reached skill level 6 in Unarmed Combat
  1652 | D:3      | Reached XP level 5. HP: 29/45 MP: 4/4
  1677 | D:3      | You fall through a shaft!
  1677 | D:4      | Found a blossoming altar of Fedhas.
  1702 | D:4      | Noticed a centaur
  1889 | D:3      | You fall through a shaft for 3 floors!
  1970 | D:6      | Found a glowing drain.
  1978 | Sewer    | Entered a sewer
  2334 | Sewer    | Reached skill level 7 in Unarmed Combat
  2410 | Sewer    | Reached XP level 6. HP: 40/51 MP: 5/5
  2467 | Sewer    | Reached skill level 8 in Unarmed Combat
  2669 | D:6      | Noticed a black bear
  2675 | D:6      | Killed a black bear
  2675 | D:6      | Reached XP level 7. HP: 45/57 MP: 6/6
  2725 | D:6      | Reached skill level 9 in Unarmed Combat
  2737 | D:6      | Noticed a manticore
  2742 | D:6      | HP: 2/57 [manticore/volley of spikes (8)]
  2743 | D:6      | Reached skill level 15 in Unarmed Combat
  2743 | D:6      | Reached XP level 8. HP: 3/63 MP: 7/7
  2743 | D:6      | Killed from afar by a manticore

Skill      XL: |  1  2  3  4  5  6  7 |
---------------+----------------------+-----
Unarmed Combat | 4 5 6 7 8 15 | 15.4
Fighting       | |  3.2
Dodging        | |  2.6
Stealth        | |  2.1

Action                   |  1- 3 |  4- 6 |  7- 9 || total
-------------------------+-------+-------+-------++-------
Melee: Unarmed           |    78 |   235 |    14 ||   327
       Punch             |     1 |     4 |       ||     5
  Use: Scroll            |     1 |     4 |       ||     5
       Potion            |       |       |     3 ||     3
 Stab: Sleeping          |     3 |     3 |       ||     6
  Eat: Chunk             |     3 |    26 |       ||    29
Armor: Robe              |    16 |    54 |     2 ||    72
Dodge: Dodged            |    30 |   225 |     5 ||   260
